 Dungeon Sprint DCSS version 0.22.1-1-ga44c0e56f4 (webtiles) character file.

34521 MuseOD the Unseen (level 13, -26/72 (74) HPs)
             Began as a Spriggan Enchanter on Sept 26, 2018.
             Was the Champion of Dithmenos.
             Killed by triggering a bolt trap (27 damage)
             ... in the Dungeon (Sprint III: "The Ten Rune Challenge").
             The game lasted 00:20:26 (8703 turns).

MuseOD the Unseen (Spriggan Enchanter)              Turns: 8703, Time: 00:20:26

HP:   -26/72 (74)   AC:  4    Str:  6    XL:     13   Next: 42%
MP:   3/33          EV: 21    Int: 23    God:    Dithmenos [******]
Gold: 5848          SH:  0    Dex: 16    Spells: 25/42 levels left

rFire    + + .     SeeInvis +   q - +9 rapier of Blind Justice {elec, rF++ Int+3}
rCold    . . .     Gourm    .   (shield restricted)
rNeg     . . .     Faith    .   b - +0 robe
rPois    .         Spirit   .   (helmet restricted)
rElec    .         Reflect  .   (no cloak)
rCorr    .         Harm     .   (gloves unavailable)
MR       +++..     NoTele   +   (boots unavailable)
Stlth    ++++++++++             (no amulet)
HPRegen  0.22/turn              w - ring of Quxeis {MR+ EV+3}
MPRegen  0.23/turn              u - +2 ring of strength

@: wreathed by umbra, studying Dodging, very quick
A: very small, unfitting armour, antennae 1, slimy green scales 1, see
invisible, clumsy 1, herbivore, speed 3, slow metabolism 2
a: Shadow Step, Shadow Form, Renounce Religion


You were in the Dungeon.
You worshipped Dithmenos.
Dithmenos was exalted by your worship.
You were very hungry.

You visited 1 branch You collected 6127 gold pieces.
You spent 279 gold pieces at shops.

Inventory:

Hand Weapons
 a - a +1 dagger
 q - the +9 rapier of Blind Justice (weapon) {elec, rF++ Int+3}
   (You bought it in a shop in the Dungeon)

   Occasionally, upon striking a foe, it will discharge some electrical energy
   and cause terrible harm.
   It affects your intelligence (+3).
   It greatly protects you from fire.
Armour
 b - a +0 robe (worn)
 x - a +2 robe of cold resistance
 y - a +1 robe of cold resistance
 z - a +0 robe of resistance
 A - a +0 robe of poison resistance
Jewellery
 t - an uncursed ring of resist corrosion
 u - a +2 ring of strength (right hand)
 w - the ring of Quxeis (left hand) {MR+ EV+3}
   (You took it off a deep elf demonologist in the Dungeon)

   [ring of evasion]

   It affects your evasion (+3).
   It affects your resistance to hostile enchantments.
Wands
 c - a wand of paralysis (10)
 p - a wand of enslavement (13)
 r - a wand of disintegration (20)
Scrolls
 k - a scroll of holy word {unknown}
 l - a scroll of identify {unknown}
 m - 4 scrolls of remove curse
 o - a scroll of torment {unknown}
 v - 2 scrolls of silence {unknown}
Potions
 g - a potion of haste
 h - 2 potions of magic
 i - a potion of berserk rage
 n - 4 potions of flight
Books
 s - a manual of Dodging
Comestibles
 d - 12 rations


   Skills:
 - Level 11.9 Fighting
 - Level 20.0 Short Blades
 - Level 3.0 Dodging
 - Level 20.3 Stealth
 - Level 15.1 Spellcasting
 + Level 11.4 Conjurations
 + Level 16.9 Hexes


You had 25 spell levels left.
You knew the following spells:

 Your Spells              Type           Power        Failure   Level  Hunger
a - Corona                Hex            #######      0%          1    None
b - Ensorcelled Hibernat  Hex/Ice        ######       1%          2    None
c - Confuse               Hex            #######.     0%          3    None
d - Dazzling Spray        Conj/Hex       ######       1%          3    None
e - Iskenderun's Mystic   Conj           ######..     1%          4    None
f - Sticky Flame          Conj/Fire      #####...     3%          4    None

Your spell library contained the following spells:

 Spells                   Type           Power        Failure   Level  Hunger
 Confusing Touch          Hex            ######       0%          1    None
 Tukima's Dance           Hex            #######.     0%          3    None
 Portal Projectile        Hex/Tloc       ######       1%          3    None
 Animate Skeleton         Necr           N/A          3%          1    None
 Apportation              Tloc           ###...       3%          1    None
 Summon Small Mammal      Summ           ###.         3%          1    None
 Force Lance              Conj/Tloc      #####...     3%          4    None
 Metabolic Englaciation   Hex/Ice        ######....   3%          5    ##.....
 Yara's Violent Unravell  Hex/Tmut       ######....   3%          5    ##.....
 Passwall                 Tmut/Erth      ###.....     4%          2    None
 Gell's Gravitas          Tloc           ###.......   10%         3    None
 Petrify                  Tmut/Erth      ###.....     32%         4    None
 Iron Shot                Conj/Erth      #####.....   45%         6    #####..
 Summon Demon             Summ           ###.......   67%         5    ##.....
 Dispersal                Tloc           ###.......   99%         6    #####..
 Malign Gateway           Summ/Tloc      ###.......   100%        7    ######.
 Controlled Blink         Tloc           N/A          100%        8    #######
 Disjunction              Tloc           ###.......   100%        8    #######


Dungeon Overview and Level Annotations

Branches:
Dungeon (1/1)

Altars:
Dithmenos
Elyvilon
Kikubaaqudgha
Okawaru
Ru
Sif Muna
Trog
Uskayaw
Vehumet
Wu Jian
Yredelemnul
Zin
The Shining One
Beogh

Shops:
D (

Annotations:
D exclusion: orange crystal statue


Innate Abilities, Weirdness & Mutations

You are very small and have problems with some larger weapons.
You are too small for most types of armour.
You have supernaturally acute eyesight. (SInv)
You are a herbivore.
You cover ground extremely quickly.
You need to consume almost no food.
You have a pair of small antennae on your head.
You are partially covered in slimy green scales. (AC +2)
You are clumsy. (Dex -2)


Message History

Casting: Sticky Flame (safe; 3% risk of failure)
Confirm with . or Enter, or press ? or * to list all spells.
Aiming: Dazzling Spray (safe; 1% risk of failure)
Press: ? - help, Shift-Dir - straight line, f/p - greater mummy
Aim: a greater mummy (black smoke, heavily damaged, covered in liquid flames, The spray of energy hits the greater mummy.
The greater mummy is severely damaged.
Your shadow mimicks your spell!
The shadow shard hits the greater mummy.
The greater mummy burns!
The greater mummy hits you!!
* * * LOW HITPOINT WARNING * * *
You emit a cloud of dark smoke.
The greater mummy burns!
The greater mummy burns!
The greater mummy points at you and mumbles some strange words.
Something smites you!
* * * LOW HITPOINT WARNING * * *
Okay, then.
A bolt shoots out and hits you!
You die...

.#
#################.#
..
#)#)#.#.#.#)#)#.#.#
.
#'#'#'#)#'#'#'#'#'#
#..^..^^......(^^.#
#.^.....^^..^.^...#
#'#)#'#+#'#)#'#'#'#
#.#.#§#{#)#.#)#)#)#
▓'▓▓▓▓▓▓▓▓▓▓▓▓▓▓▓▓▓
▓^÷#....@.^§^§§§..#
▓..#....^...M§§...#
▓.^#..##########..#
▓..#.^#...M.:|?#..#
▓..#..#..MMM|):#..#
▓..#(.#.§§MM})[#..#
▓..#..#M{{§.φ{)#..#
▓..#^.#M########..#
▓^.#^.#§..§..M^.^.#


You could see a greater mummy (burning).

Vanquished Creatures
  Sigmund (D)
  A bone dragon (D)
  A deep elf blademaster (D)
  A sphinx (D)
  3 vampire knights (D)
  3 deep elf demonologists (D)
  A deep elf annihilator (D)
  3 mummy priests (D)
  A deep elf death mage (D)
  A fire dragon (D)
  A deep elf high priest (D)
  Erolcha (D)
  A centaur warrior (D)
  4 skeletal warriors (D)
  4 ugly things (D)
  6 deep elf magi (D)
  A torpor snail (shapeshifter) (D)
  Edmund (D)
  An orange demon (D)
  12 guardian mummies (D)
  4 spriggan defenders (D)
  A queen bee (D)
  2 redbacks (D)
  A shadow (D)
  2 orc warriors (D)
  A necrophage (D)
  5 two-headed ogres (D)
  A scorpion (D)
  32 killer bees (D)
  2 orc priests (D)
  A jelly (D)
  2 orc wizards (D)
  A wizard (D)
  Jessica (D)
  6 necromancers (D)
  A kobold demonologist (D)
  2 humans (D)
  2 oozes (D)
  An adder zombie (D)
  12 orcs (D)
  A ball python zombie (D)
  A rat (D)
130 creatures vanquished.

Vanquished Creatures (collateral kills)
  A human (D)
1 creature vanquished.

Vanquished Creatures (others)
  A deep elf blademaster (D)
  A sphinx (D)
  2 draconian scorchers (D)
  Nessos (D)
  A mummy priest (D)
  A shadow wraith (D)
  A glowing orange brain (D)
  A molten gargoyle (D)
  6 hellions (D)
  3 yaktaurs (D)
  A red devil (D)
  3 hornets (D)
  An orc high priest (D)
  An electric eel (D)
  3 orc priests (D)
  3 ball lightnings (D)
  22 ballistomycetes (D)
  9 ballistomycete spores (D)
  A bush (D)
  25 plants (D)
87 creatures vanquished.

Grand Total: 218 creatures vanquished

Notes
Turn   | Place    | Note
-------+----------+-------------------------------------------
     0 | D        | MuseOD the Spriggan Enchanter began the quest for the Orb.
     0 | D        | Reached XP level 1. HP: 9/9 MP: 5/5
    15 | D        | Reached skill level 1 in Fighting
    15 | D        | Reached skill level 5 in Stealth
    19 | D        | Reached XP level 2. HP: 14/14 MP: 6/6
    23 | D        | Learned a level 2 spell: Ensorcelled Hibernation
    28 | D        | Noticed Jessica
    32 | D        | Killed Jessica
    32 | D        | Reached XP level 3. HP: 19/19 MP: 8/8
    37 | D        | Learned a level 3 spell: Confuse
    46 | D        | Noticed a scorpion
    49 | D        | Killed a scorpion
    49 | D        | Reached XP level 4. HP: 24/24 MP: 9/9
    90 | D        | Noticed a water elemental
   160 | D        | Killed a hellion
   161 | D        | Killed a hellion
   162 | D        | Killed a hellion
   162 | D        | Killed a hellion
   163 | D        | Killed a hellion
   171 | D        | Killed a hellion
   250 | D        | Killed a white draconian scorcher
   260 | D        | Killed a white draconian scorcher
   299 | D        | Found a basalt altar of Yredelemnul.
   299 | D        | Found a shadowy altar of Dithmenos.
   299 | D        | Found a sacrificial altar of Ru.
   299 | D        | Noticed a necrophage
   302 | D        | Killed a necrophage
   302 | D        | Reached skill level 10 in Stealth
   302 | D        | Reached XP level 5. HP: 30/30 MP: 10/10
   306 | D        | Became a worshipper of Dithmenos the Shadowed
   315 | D        | Found a glowing silver altar of Zin.
   315 | D        | Found a glowing golden altar of the Shining One.
   315 | D        | Found a white marble altar of Elyvilon.
   315 | D        | Noticed a deep elf mage
   318 | D        | Killed a deep elf mage
   318 | D        | Reached XP level 6. HP: 36/36 MP: 11/16
   318 | D        | Reached XP level 7. HP: 40/40 MP: 11/17
   323 | D        | Learned a level 3 spell: Dazzling Spray
   361 | D        | Found a hide-covered altar of Uskayaw.
   361 | D        | Found a roughly hewn altar of Beogh.
   361 | D        | Found an iron altar of Okawaru.
   361 | D        | Found a bloodstained altar of Trog.
   361 | D        | Found an ornate altar of the Wu Jian Council.
   361 | D        | Noticed a human
   361 | D        | Noticed a human
   379 | D        | Killed a human
   457 | D        | Killed a yaktaur
   540 | D        | Killed a human
   540 | D        | Reached * piety under Dithmenos
   722 | D        | Found a radiant altar of Vehumet.
   723 | D        | Found a deep blue altar of Sif Muna.
   723 | D        | Found an ancient bone altar of Kikubaaqudgha.
   902 | D        | Noticed a shadow
   905 | D        | Killed a shadow
   905 | D        | Reached ** piety under Dithmenos
   905 | D        | Reached XP level 8. HP: 45/45 MP: 17/20
   925 | D        | Reached *** piety under Dithmenos
   928 | D        | Noticed a two-headed ogre
   931 | D        | Killed a two-headed ogre
   935 | D        | Noticed a two-headed ogre
   935 | D        | Noticed Erolcha
   937 | D        | Killed a two-headed ogre
   938 | D        | Killed Erolcha
   938 | D        | Reached skill level 15 in Stealth
   938 | D        | Reached skill level 10 in Spellcasting
   938 | D        | Reached XP level 9. HP: 52/52 MP: 21/24
   972 | D        | Reached **** piety under Dithmenos
  1010 | D        | Reached ***** piety under Dithmenos
  1264 | D        | Reached ****** piety under Dithmenos
  1264 | D        | Reached skill level 15 in Short Blades
  1273 | D        | Found Ostru's Antique Weapon Shop.
  1286 | D        | Bought an ichor-stained rapier for 279 gold pieces
  1286 | D        | Identified the +9 rapier of Blind Justice {elec, rF++
                  | Int+3} (You bought it in a shop in the Dungeon)
  1322 | D        | Noticed a deep elf mage
  1322 | D        | Noticed a deep elf mage
  1322 | D        | Noticed a deep elf mage
  1322 | D        | Noticed a deep elf mage
  1322 | D        | Noticed a deep elf mage
  1328 | D        | Killed a deep elf mage
  1335 | D        | Killed a deep elf mage
  1547 | D        | Killed a deep elf mage
  1547 | D        | Reached XP level 10. HP: 41/58 MP: 22/26
  1572 | D        | Killed a deep elf mage
  1581 | D        | Killed a deep elf mage
  1636 | D        | Noticed a deep elf demonologist
  1637 | D        | Noticed a deep elf demonologist
  1659 | D        | Killed a deep elf demonologist
  1683 | D        | Noticed a deep elf demonologist
  1777 | D        | Noticed a deep elf high priest
  1781 | D        | Noticed a deep elf blademaster
  1783 | D        | Killed a deep elf high priest
  1898 | D        | Noticed a deep elf death mage
  1906 | D        | Noticed a deep elf annihilator
  2084 | D        | Killed a deep elf death mage
  2084 | D        | Reached skill level 10 in Fighting
  2380 | D        | Killed a deep elf annihilator
  2504 | D        | Noticed a reaper
  2507 | D        | Killed a deep elf demonologist
  2790 | D        | Noticed a rust devil
  3024 | D        | Noticed a cacodemon
  3223 | D        | Noticed a rust devil
  3223 | D        | Noticed a sun demon
  3356 | D        | Gained mutation: Armour fits poorly on your strangely
                  | shaped body. [potion of mutation]
  3356 | D        | Gained mutation: You are resistant to hostile enchantments.
                  | (MR+) [potion of mutation]
  3356 | D        | Gained mutation: You are robust. (+10% HP) [potion of
                  | mutation]
  3357 | D        | Lost mutation: You are robust. (+10% HP) [potion of
                  | mutation]
  3357 | D        | Lost mutation: You are resistant to hostile enchantments.
                  | (MR+) [potion of mutation]
  3357 | D        | Lost mutation: Armour fits poorly on your strangely shaped
                  | body. [potion of mutation]
  3357 | D        | Gained mutation: You are clumsy. (Dex -2) [potion of
                  | mutation]
  3357 | D        | Gained mutation: You can translocate small distances at
                  | will. [potion of mutation]
  3357 | D        | Gained mutation: You possess an exceptional clarity of
                  | mind. [potion of mutation]
  3363 | D        | Noticed a Brimstone Fiend
  3364 | D        | Noticed a rust devil
  3365 | D        | Noticed a Hell Sentinel
  3366 | D        | Killed a deep elf demonologist
  3366 | D        | Reached XP level 11. HP: 31/64 MP: 6/29
  3375 | D        | Killed a deep elf blademaster
  3409 | D        | HP: 3/64 [poisoned by a deep elf demonologist]
  3717 | D        | Identified the Volume of Earth and Confrontation
  3731 | D        | Got a brightly glowing wooden ring
  3733 | D        | Identified the ring of Quxeis {MR+ EV+3} (You took it off a
                  | deep elf demonologist in the Dungeon)
  3745 | D        | Identified Icwui's Volume of the Supportive Mountains
  3812 | D        | Learned a level 4 spell: Iskenderun's Mystic Blast
  4305 | D        | Noticed Sigmund
  4305 | D        | Noticed Edmund
  4307 | D        | Killed Edmund
  4308 | D        | Killed Sigmund
  4308 | D        | Reached skill level 15 in Spellcasting
  4308 | D        | Reached XP level 12. HP: 66/71 MP: 26/32
  4319 | D        | Noticed a yaktaur captain
  4319 | D        | Noticed a yaktaur captain
  4319 | D        | Noticed a yaktaur captain
  5381 | D        | Lost mutation: You possess an exceptional clarity of mind.
                  | [potion of mutation]
  5381 | D        | Lost mutation: You can translocate small distances at will.
                  | [potion of mutation]
  5381 | D        | Gained mutation: You are partially covered in slimy green
                  | scales. (AC +2) [potion of mutation]
  5381 | D        | Gained mutation: You have a pair of small antennae on your
                  | head. [potion of mutation]
  5706 | D        | Reached skill level 1 in Conjurations
  5883 | D        | Reached skill level 5 in Hexes
  5905 | D        | Noticed a fire dragon
  5906 | D        | Killed a fire dragon
  5908 | D        | Noticed a centaur warrior
  5912 | D        | Killed a centaur warrior
  6048 | D        | Noticed a yaktaur captain
  6064 | D        | Reached skill level 5 in Conjurations
  6443 | D        | Reached skill level 10 in Hexes
  6735 | D        | Noticed a vampire knight
  6744 | D        | Killed a vampire knight
  6803 | D        | Noticed a bone dragon
  6805 | D        | Killed a bone dragon
  6903 | D        | Reached XP level 13. HP: 73/73 MP: 33/33
  6916 | D        | Noticed a vampire knight
  6924 | D        | Killed a vampire knight
  6933 | D        | Killed a mummy priest
  6990 | D        | Noticed a vampire knight
  7002 | D        | Killed a vampire knight
  7231 | D        | Noticed a sphinx
  7231 | D        | Noticed a sphinx
  7231 | D        | Noticed a mummy priest
  7233 | D        | Paralysed by a sphinx for 3 turns
  7246 | D        | Killed a sphinx
  7253 | D        | Killed a mummy priest
  7253 | D        | Reached skill level 10 in Conjurations
  7253 | D        | Reached skill level 15 in Hexes
  7256 | D        | Killed a sphinx
  7659 | D        | Noticed a mummy priest
  7661 | D        | Killed a mummy priest
  7670 | D        | Noticed a mummy priest
  7673 | D        | Killed a mummy priest
  7899 | D        | Noticed a mummy priest
  7899 | D        | Noticed a mummy priest
  7906 | D        | Learned a level 4 spell: Sticky Flame
  8011 | D        | Killed a deep elf blademaster
  8036 | D        | Killed Nessos
  8244 | D        | Noticed a greater mummy
  8244 | D        | Noticed a mummy priest
  8244 | D        | Noticed a greater mummy
  8244 | D        | Noticed a mummy priest
  8702 | D        | HP: 1/72 [greater mummy/divine providence (11)]
  8703 | D        | Killed by triggering a bolt trap

Skill      XL: |  1  2  3  4  5  6  7  8  9 10 11 12 13 |
---------------+----------------------------------------+-----
Fighting       | 1 2 3 4 6 8 9 10 11 | 11.9
Short Blades   | 3 4 6 9 11 12 14 15 17 19 20 | 20.0
Stealth        | 5 6 7 10 12 13 15 16 18 20 | 20.3
Spellcasting   | 6 7 10 11 13 15 | 15.1
Conjurations   | 9 11 | 11.4
Hexes          | 14 16 | 16.9
Dodging        | |  3.0

Action                   |  1- 3 |  4- 6 |  7- 9 | 10-12 | 13-15 || total
-------------------------+-------+-------+-------+-------+-------++-------
Melee: Dagger            |    12 |     7 |    54 |       |       ||    73
       Rapier            |       |       |     5 |   101 |    24 ||   130
 Cast: Confuse           |       |     1 |    10 |    21 |     4 ||    36
       Dazzling Spray    |       |       |     8 |    99 |    38 ||   145
       Ensorcelled Hiber |       |       |    29 |    28 |       ||    57
       Sticky Flame      |       |       |       |       |    15 ||    15
       Iskenderun's Myst |       |       |       |       |     4 ||     4
Invok: Shadow Step       |       |       |       |     3 |     4 ||     7
 Abil: Blink             |       |       |       |     5 |       ||     5
Evoke: Wand              |       |       |     1 |       |       ||     1
  Use: Potion            |       |       |     1 |     4 |     1 ||     6
       Scroll            |       |       |       |       |     1 ||     1
 Stab: Sleeping          |     4 |     3 |    24 |    39 |     7 ||    77
       Confused          |       |     2 |     2 |     5 |     2 ||    11
       Invisible         |       |       |     1 |     8 |     4 ||    13
       Distracted        |       |       |       |     1 |       ||     1
  Eat: Ration            |       |       |       |     2 |     1 ||     3
Armor: Robe              |     1 |       |       |     1 |       ||     2
Dodge: Dodged            |     5 |     2 |    26 |   113 |    27 ||   173
